 Dungeon Crawl Stone Soup version 0.29.1 (webtiles) character file.

Game seed: 10246361610673269435

50 xian the Sneak (level 3, -2/19 HPs)
             Began as a Tengu Enchanter on Sept 14, 2022.
             Slain by a quokka (3 damage)
             ... on level 3 of the Dungeon.
             The game lasted 00:03:22 (1466 turns).

xian the Sneak (Tengu Enchanter)                    Turns: 1466, Time: 00:03:22

Health: -2/19      AC:  3    Str: 10    XL:     3   Next: 79%
Magic:  7/7        EV: 12    Int: 15    God:
Gold:   72         SH:  0    Dex: 14    Spells: 6/6 levels left

rFire   . . .      SeeInvis .   f - +0 dagger (venom)
rCold   . . .      Faith    .   (no shield)
rNeg    . . .      Spirit   .   b - +0 robe
rPois   .          Reflect  .   (helmet restricted)
rElec   .          Harm     .   h - +0 cloak
rCorr   .          Rampage  .   (no gloves)
Will    .....                   (boots unavailable)
Stlth   ++........              g - amulet of the acrobat
HPRegen 0.06/turn               (no ring)
MPRegen 0.10/turn               (no ring)

@: no status effects
A: beak, talons 3
a: no special abilities


You were on level 3 of the Dungeon.
You visited 1 branch of the dungeon, and saw 3 of its levels.

You collected 72 gold pieces.

Inventory:

Hand Weapons
 f - a +0 dagger of venom (weapon)
Missiles
 p - 3 poisoned darts (quivered)
Armour
 b - a +0 robe (worn)
 h - a +0 cloak (worn)
 i - a scarf of harm
Jewellery
 g - an amulet of the acrobat (around neck)
Scrolls
 d - a scroll of amnesia
 e - 2 scrolls of fog
 k - a scroll of torment {unknown}
 l - a scroll of magic mapping
Potions
 a - a potion of brilliance {unknown}
 c - 3 potions of invisibility
 j - a potion of curing {unknown}
 m - a potion of might {unknown}
 n - a potion of mutation {unknown}
 o - 2 potions of lignification


   Skills:
 + Level 0.2 Fighting
 + Level 1.9 Short Blades
 + Level 2.5 Dodging
 + Level 3.4 Stealth
 + Level 2.1 Spellcasting
 + Level 2.6 Hexes


You had 6 spell levels left.
You didn't know any spells.
Your spell library contained the following spells:

 Spells                   Type           Power      Damage    Failure   Level
 Ensorcelled Hibernation  Hex/Ice        10%        N/A       19%         2
 Confusing Touch          Hex            9%         N/A       22%         3
 Tukima's Dance           Hex            9%         N/A       22%         3
 Dazzling Flash           Conj/Hex       10%        N/A       36%         3


Dungeon Overview and Level Annotations

Branches:
Dungeon (3/15)

Altars:

Shops:
D:2 :


Innate Abilities, Weirdness & Mutations

You have a beak for a mouth.
You have claws for feet.


Message History

Your kick misses the orc.
A worm comes into view.
You hit the orc. Your kick misses the orc.
The orc is moderately wounded.
The orc closely misses you.
You hit the orc but do no damage.
The orc looks as sick as possible!
Your peck misses the orc.
The orc is severely wounded.
You kill the orc!
Things that are here:
a +0 flail; a +0 leather armour The quokka misses you.
The quokka completely misses you.
You hit the worm but do no damage. The quokka closely misses you.
You hit the worm.
The worm is poisoned.
The worm is lightly wounded.
The quokka bites you but does no damage.
The worm bites you!
You barely miss the worm. You claw the worm. You peck the worm.
The worm is moderately wounded.
The quokka bites you but does no damage.
You barely miss the worm. Your peck misses the worm.
The worm is heavily wounded.
The quokka barely misses you. The worm closely misses you.
You barely miss the worm.
The worm is heavily wounded.
The worm looks more healthy.
The quokka bites you but does no damage.
You hit the worm but do no damage.
The worm is poisoned.
The worm is heavily wounded.
The quokka barely misses you. The worm bites you!
Ouch! That really hurt!
* * * LOW HITPOINT WARNING * * *
You hit the worm but do no damage. You peck the worm.
The worm is severely wounded.
The quokka bites you.
* * * LOW HITPOINT WARNING * * *
You hit the worm. You claw the worm.
You kill the worm!
The quokka bites you.
You die...

.. ## #.## # .
..#... .#
..##.#..##.
........ .#
#.?#..# .#
#.r$.##.#
#@..#.# #
#.....####.
#.)........
#.....#..##.##
#.######.....#
....#.....#
#.......#
#.#.#...#
.....#...#


You could see a quokka.

Vanquished Creatures
  2 adders (D:2)
  A worm (D:3)
  An orc (D:3)
  3 endoplasms
  A giant cockroach (D:1)
  3 goblins (D:1)
  5 hobgoblins
  4 kobolds
  2 quokkas
  3 ball pythons
  2 bats (D:1)
  2 rats (D:1)
29 creatures vanquished.

Notes
Turn   | Place    | Note
-------+----------+-------------------------------------------
     0 | D:1      | xian the Tengu Enchanter began the quest for the Orb.
     0 | D:1      | Reached XP level 1. HP: 10/10 MP: 4/4
   218 | D:1      | Reached XP level 2. HP: 15/15 MP: 6/6
   953 | D:2      | Reached XP level 3. HP: 19/19 MP: 7/7
  1054 | D:2      | Found Ynadesu's Book Emporium.
  1186 | D:2      | Noticed a golden eye
  1189 | D:2      | Noticed a great orb of eyes
  1196 | D:2      | Found a faded altar of an unknown god.
  1199 | D:2      | Noticed a golden eye
  1274 | D:2      | Noticed an eye of devastation
  1466 | D:3      | Slain by a quokka

Illustrated notes

Levels and vault maps discovered:
D:1:      roderic_octagonal_star, layout_basic
D:2:      layout_rooms, hellmonk_ecumenical_altar_watching_god, serial_shops,
          shop_statue, minmay_misc_feat_encased
D:3:      layout_basic, nemelex_dance_club_becter,
          nicolae_overflow_hidden_temple, gammafunk_ghost_smash,
          amethyst_killhole, minmay_misc_feat_enclosed,
          minmay_misc_feat_hallway, uniq_terence

Action                   || total
-------------------------++-------
Melee: Dagger            ||    64
       Kick              ||    15
       Peck              ||     7
       Punch             ||     1
  Use: Scroll            ||     5
 Stab: Sleeping          ||     6
Armor: Robe              ||    13
Dodge: Dodged            ||    54
